General information
- name: BNet
- type: Ladder team game (AT/RT)
- host: Battle.net
- saver: fatidiot
map: Mur'gulOasis
- players: 8
- length: 17:55
- speed: Fast
- version: 1.24 W3XP
- replay type: Public
» download(157 KB)
Players
team 1 (loser)
Rotererik87 (
pink | 36 APM | 639 actions | 17:53)
3 Mountain King
2 Storm Bolt
1 Bash
3 Blademaster
2 Critical Strike
1 Mirror Image
» actions
| Build / train | 42 | |
| ESC pressed | 1 | |
| Enter build submenu | 11 | |
| Enter hero's abilities submenu | 6 | |
| Remove unit from queue | 7 | |
| Right click | 373 | |
| Select / deselect | 163 | |
| Use ability | 36 | |
639 total
» units
| Peasant | 6 | |
| Footman | 3 | |
| Rifleman | 3 | |
| Wind Rider | 2 | |
14 total
» buildings
| Altar of Kings | 1 | |
| Farm | 5 | |
| Barracks | 1 | |
| Blacksmith | 1 | |
| Arcane Vault | 1 | |
| Keep | 1 | |
| Lumber Mill | 1 | |
| Scout Tower | 1 | |
| Guard Tower | 1 | |
13 total
» build order
00:06 Altar of Kings
00:10 Farm
00:14 Farm
00:18 Barracks
00:27 Farm
01:52 Blacksmith
02:01 Farm
02:23 Farm
02:35 Arcane Vault
03:52 Keep
03:55 Lumber Mill
04:42 Scout Tower
05:11 Guard Tower
» items
| Scroll of Regeneration | 2 | |
| Lesser Clarity Potion | 2 | |
| Potion of Healing | 4 | |
| Potion of Mana | 3 | |
| Healing Salve | 1 | |
12 total
forthelight87 (
purple | 43 APM | 573 actions | 13:27)
1 Blademaster
1 Wind Walk
1 Shadow Hunter
1 Serpent Ward
» actions
| Build / train | 25 | |
| Enter build submenu | 13 | |
| Enter hero's abilities submenu | 2 | |
| Right click | 344 | |
| Select / deselect | 164 | |
| Use ability | 25 | |
573 total
» units
» upgrades
» buildings
| Orc Burrow | 5 | |
| Altar of Storms | 1 | |
| Barracks | 1 | |
| War Mill | 1 | |
| Stronghold | 1 | |
| Beastiary | 4 | |
| Fortress | 1 | |
14 total
» build order
00:05 Orc Burrow
00:08 Altar of Storms
00:49 Barracks
01:28 War Mill
03:30 Stronghold
03:34 Orc Burrow
05:56 Beastiary
05:59 Beastiary
06:42 Beastiary
06:47 Beastiary
08:44 Orc Burrow
08:46 Orc Burrow
08:48 Fortress
08:50 Orc Burrow
» items
CTW-Poseido[N] (
orange | 98 APM | 1732 actions | 17:44)
3 Priestess of the Moon
2 Trueshot Aura
1 Scout
» actions
| Assign group hotkey | 52 | |
| Basic commands | 37 | |
| Build / train | 49 | |
| ESC pressed | 3 | |
| Enter build submenu | 18 | |
| Enter hero's abilities submenu | 5 | |
| Right click | 769 | |
| Select / deselect | 446 | |
| Select group hotkey | 313 | |
| Use ability | 40 | |
1732 total
» units
| Wisp | 11 | |
| Archer | 14 | |
| Hippogryph | 9 | |
34 total
» upgrades
| Strength of the Moon | 3 | |
| Improved Bows | 1 | |
| Hippogryph Taming | 1 | |
| Marksmanship | 1 | |
| Well Spring | 1 | |
| Ultravision | 1 | |
8 total
» buildings
| Moon Well | 4 | |
| Altar of Elders | 1 | |
| Ancient of War | 3 | |
| Hunter's Hall | 1 | |
| Tree of Ages | 1 | |
| Ancient of Wind | 2 | |
| Tree of Eternity | 1 | |
| Tree of Life | 1 | |
| Ancient Protector | 4 | |
18 total
» build order
00:07 Moon Well
00:09 Altar of Elders
00:33 Ancient of War
01:16 Moon Well
02:56 Moon Well
03:45 Hunter's Hall
04:20 Tree of Ages
06:27 Ancient of War
07:44 Ancient of Wind
07:52 Moon Well
07:58 Ancient of War
08:17 Tree of Eternity
09:20 Ancient of Wind
15:25 Tree of Life
15:37 Ancient Protector
15:39 Ancient Protector
15:42 Ancient Protector
15:45 Ancient Protector
» items
fatidiot (
blue | 106 APM | 1898 actions | 17:55)
5 Blademaster
3 Wind Walk
2 Critical Strike
5 Shadow Hunter
2 Hex
3 Healing Wave
» actions
| Assign group hotkey | 35 | |
| Basic commands | 15 | |
| Build / train | 46 | |
| Enter build submenu | 17 | |
| Enter hero's abilities submenu | 10 | |
| Right click | 662 | |
| Select / deselect | 714 | |
| Select group hotkey | 306 | |
| Use ability | 93 | |
1898 total
» units
| Peon | 8 | |
| Wind Rider | 6 | |
| Troll Batrider | 5 | |
19 total
» upgrades
» buildings
| Altar of Storms | 1 | |
| Orc Burrow | 5 | |
| Voodoo Lounge | 2 | |
| Stronghold | 1 | |
| Beastiary | 2 | |
| War Mill | 1 | |
| Watch Tower | 2 | |
| Great Hall | 1 | |
15 total
» build order
00:08 Altar of Storms
00:20 Orc Burrow
00:51 Voodoo Lounge
02:14 Stronghold
02:20 Orc Burrow
04:36 Beastiary
04:45 Beastiary
05:32 Orc Burrow
05:49 Orc Burrow
08:23 War Mill
08:46 Orc Burrow
09:41 Watch Tower
09:42 Watch Tower
11:52 Voodoo Lounge
12:08 Great Hall
» items
| Healing Salve | 5 | |
| Lesser Clarity Potion | 5 | |
| Scroll of Speed | 1 | |
| Scroll of Town Portal | 2 | |
13 total
team 2 (winner)

»
Teaitchsea (
red | 168 APM | 3015 actions | 17:55)
3 Archmage
2 Summon Water Elemental
1 Blizzard
3 Mountain King
2 Storm Bolt
1 Thunder Clap
» actions
| Assign group hotkey | 40 | |
| Basic commands | 1 | |
| Build / train | 50 | |
| Enter build submenu | 15 | |
| Enter hero's abilities submenu | 6 | |
| Remove unit from queue | 4 | |
| Right click | 1613 | |
| Select / deselect | 454 | |
| Select group hotkey | 763 | |
| Use ability | 69 | |
3015 total
» units
| Peasant | 10 | |
| Footman | 9 | |
| Rifleman | 3 | |
| Dragonhawk Rider | 1 | |
| Gryphon Rider | 2 | |
| Knight | 3 | |
28 total
» upgrades
» buildings
| Altar of Kings | 1 | |
| Farm | 6 | |
| Barracks | 1 | |
| Lumber Mill | 1 | |
| Scout Tower | 1 | |
| Guard Tower | 1 | |
| Keep | 1 | |
| Blacksmith | 1 | |
| Arcane Sanctum | 1 | |
| Arcane Vault | 2 | |
| Gryphon Aviary | 1 | |
| Castle | 1 | |
18 total
» build order
00:11 Altar of Kings
00:20 Farm
00:52 Barracks
01:07 Farm
01:25 Lumber Mill
01:37 Scout Tower
02:12 Guard Tower
02:35 Farm
02:36 Farm
04:15 Keep
06:23 Blacksmith
06:28 Farm
06:30 Farm
06:53 Arcane Sanctum
06:57 Arcane Vault
09:42 Gryphon Aviary
09:52 Castle
10:21 Arcane Vault
» items
| Healing Salve | 1 | |
| Scroll of Speed | 1 | |
| Orb of Fire | 1 | |
| Scroll of Regeneration | 1 | |
| Staff of Teleportation | 1 | |
| Dust of Appearance | 1 | |
6 total
mohbeatbeatbeat (
green | 79 APM | 1421 actions | 17:55)
5 Archmage
2 Brilliance Aura
3 Summon Water Elemental
3 Mountain King
2 Storm Bolt
1 Bash
» actions
| Assign group hotkey | 42 | |
| Basic commands | 2 | |
| Build / train | 56 | |
| Enter build submenu | 21 | |
| Enter hero's abilities submenu | 9 | |
| Give item / drop item | 1 | |
| Remove unit from queue | 1 | |
| Right click | 779 | |
| Select / deselect | 210 | |
| Select group hotkey | 241 | |
| Use ability | 59 | |
1421 total
» units
| Peasant | 9 | |
| Footman | 8 | |
| Flying Machine | 8 | |
| Mortar Team | 3 | |
| Siege Engine | 4 | |
32 total
» upgrades
| Barrage | 1 | |
| Flak Cannons | 1 | |
| Flying Machine Bombs | 1 | |
3 total
» buildings
| Altar of Kings | 1 | |
| Farm | 9 | |
| Barracks | 1 | |
| Lumber Mill | 1 | |
| Scout Tower | 2 | |
| Arcane Vault | 1 | |
| Keep | 1 | |
| Arcane Tower | 1 | |
| Blacksmith | 1 | |
| Workshop | 3 | |
| Castle | 1 | |
22 total
» build order
00:08 Altar of Kings
00:10 Farm
00:18 Barracks
01:01 Farm
01:17 Lumber Mill
01:29 Farm
01:37 Scout Tower
02:21 Arcane Vault
03:39 Keep
04:00 Arcane Tower
05:12 Farm
05:15 Farm
05:20 Blacksmith
06:46 Workshop
06:49 Workshop
06:51 Workshop
09:41 Scout Tower
09:50 Farm
09:52 Farm
11:37 Castle
11:39 Farm
12:11 Farm
» items
| Scroll of Regeneration | 2 | |
| Lesser Clarity Potion | 3 | |
| Potion of Healing | 1 | |
| Scroll of Town Portal | 1 | |
7 total
Bot38 (
teal | 28 APM | 494 actions | 17:55)
3 Archmage
1 Summon Water Elemental
1 Brilliance Aura
1 Blizzard
» actions
| Assign group hotkey | 8 | |
| Build / train | 53 | |
| Enter build submenu | 21 | |
| Enter hero's abilities submenu | 3 | |
| Right click | 222 | |
| Select / deselect | 142 | |
| Select group hotkey | 12 | |
| Use ability | 33 | |
494 total
» units
| Peasant | 14 | |
| Rifleman | 17 | |
| Priest | 2 | |
33 total
» upgrades
| Gunpowder | 2 | |
| Armor | 2 | |
| Long Rifles | 1 | |
| Priest Training | 2 | |
| Masonry | 2 | |
9 total
» buildings
| Altar of Kings | 1 | |
| Farm | 9 | |
| Blacksmith | 1 | |
| Barracks | 1 | |
| Scout Tower | 4 | |
| Lumber Mill | 1 | |
| Arcane Tower | 2 | |
| Keep | 1 | |
| Castle | 1 | |
| Arcane Sanctum | 1 | |
| Arcane Vault | 1 | |
| Guard Tower | 1 | |
24 total
» build order
00:10 Altar of Kings
00:20 Farm
00:23 Farm
01:10 Blacksmith
01:36 Barracks
01:58 Farm
02:04 Scout Tower
02:45 Lumber Mill
03:26 Scout Tower
03:32 Arcane Tower
04:04 Keep
04:25 Arcane Tower
04:32 Farm
06:51 Castle
06:55 Arcane Sanctum
07:23 Farm
07:37 Farm
08:47 Arcane Vault
09:08 Farm
11:55 Farm
12:02 Farm
16:29 Scout Tower
16:57 Scout Tower
17:26 Guard Tower
» items
| Scroll of Town Portal | 1 | |
| Scroll of Regeneration | 1 | |
2 total

»
dh_bm_dkis4noob (
yellow | 48 APM | 863 actions | 17:55)
5 Goblin Tinker
1 Pocket Factory
3 Engineering Upgrade
1 Cluster Rockets
» actions
| Assign group hotkey | 20 | |
| Basic commands | 1 | |
| Build / train | 50 | |
| Enter build submenu | 11 | |
| Enter hero's abilities submenu | 5 | |
| Give item / drop item | 1 | |
| Remove unit from queue | 1 | |
| Right click | 435 | |
| Select / deselect | 176 | |
| Select group hotkey | 124 | |
| Use ability | 39 | |
863 total
» units
| Peon | 9 | |
| Troll Headhunter/Berserker | 17 | |
| Shaman | 4 | |
30 total
» upgrades
| Troll Regeneration | 1 | |
| Shaman Training | 2 | |
| Berserker Upgrade | 1 | |
4 total
» buildings
| Orc Burrow | 4 | |
| Altar of Storms | 1 | |
| Barracks | 1 | |
| War Mill | 1 | |
| Voodoo Lounge | 2 | |
| Watch Tower | 1 | |
| Stronghold | 1 | |
| Fortress | 1 | |
| Spirit Lodge | 1 | |
13 total
» build order
00:36 Orc Burrow
00:52 Altar of Storms
01:06 Barracks
01:21 War Mill
01:41 Orc Burrow
02:16 Voodoo Lounge
02:36 Watch Tower
02:58 Orc Burrow
06:41 Voodoo Lounge
07:41 Stronghold
09:32 Orc Burrow
11:36 Fortress
11:58 Spirit Lodge
» items
| Healing Salve | 1 | |
| Lesser Clarity Potion | 1 | |
| Scroll of Town Portal | 3 | |
| Potion of Healing | 1 | |
| Boots of Speed | 1 | |
7 total
Chat log
(00:16 / Allies) forthelight87: blue bm?
(00:22 / Allies) fatidiot: ye
(00:23 / Allies) CTW-Poseido[N]: archers+hypo
(00:33 / Allies) forthelight87: then harras together
(02:15 / Allies) forthelight87: wait for me pls
(02:26 / Allies) fatidiot: doesnt make difference
(02:59 / Allies) fatidiot: see
(03:02 / Allies) fatidiot: got xp
(05:23 / All) dh_bm_dkis4noob: i love techer noobs
(05:24 / Allies) fatidiot: 4
(05:25 / Allies) fatidiot: here
(06:09 / Allies) forthelight87: tele orange
(08:22 / Allies) Rotererik87: lol nice i have no workers fucking shit noobs
(08:34 / Allies) Rotererik87: thx for loose fucking shit bastards
(13:44 / All) Bot38: really lol orcs
(13:56 / All) dh_bm_dkis4noob: so patetuic
(14:09 / Allies) fatidiot: pink
(14:10 / Allies) fatidiot: control purple
(14:19 / Allies) Rotererik87: fuck you bastard
(14:29 / Allies) fatidiot: stfu noob
(17:00 / Allies) CTW-Poseido[N]: focus
(17:06 / Allies) CTW-Poseido[N]: focus
(17:39 / Allies) CTW-Poseido[N]: i hate leavers